 Dungeon Crawl Stone Soup version 0.21-a0-450-gd87a9b2 (webtiles) character file.

66339 theanonym the Severer (level 15, -5/141 HPs)
             Began as a Hill Orc Monk on Nov 18, 2017.
             Was the Champion of Nemelex Xobeh.
             Killed from afar by a ynoxinul (25 damage)
             ... with an iron shot
             ... summoned by an orc sorcerer
             ... on level 2 of the Orcish Mines on Nov 19, 2017.
             The game lasted 01:39:11 (23296 turns).

theanonym the Severer (Hill Orc Monk)              Turns: 23296, Time: 01:39:11

Health: -5/141     AC: 25    Str: 21    XL:     15   Next: 19%
Magic:  22/22      EV: 15    Int: 13    God:    Nemelex Xobeh [******]
Gold:   2247       SH:  0    Dex: 18    Spells: 12/14 levels left

rFire    + . .     SeeInvis .   o - +5 executioner's axe "Spiderslayer" {flame, Int+3}
rCold    + + .     Gourm    .   (shield currently unavailable)
rNeg     + + .     Faith    .   m - +0 pearl dragon scales
rPois    +         Spirit   .   M - +0 helmet of the Orb Guardian {*Drain rPois rC+ rN+}
rElec    .         Reflect  .   y - +2 cloak of Moral Flaws {rF+ MR- Dex+5}
rCorr    .         Harm     .   n - +0 pair of gloves
MR       .....                  B - +1 pair of boots {Stlth+}
Stlth    +++.......             (no amulet)
HPRegen  0.33/turn              k - ring of protection from cold {rC+}
MPRegen  0.18/turn              v - ring of Shadows {Umbra +Inv Stlth+}

@: wreathed by umbra
A: no striking features
a: Triple Draw, Deal Four, Stack Five, Renounce Religion, Convert to Beogh,
Evoke Invisibility


   Skills:
 + Level 15.6 Fighting
 + Level 19.0 Axes
 + Level 12.6 Armour
 - Level 8.0 Dodging
 - Level 1.5 Stealth
   Level 4.0 Shields
 - Level 10.0 Invocations


You had 12 spell levels left.
You knew the following spells:

 Your Spells              Type           Power        Failure   Level  Hunger
s - Swiftness             Chrm/Air       #.......     75%         2    ###....

Skill      XL: |  1  2  3  4  5  6  7  8  9 10 11 12 13 14 15 |
---------------+----------------------------------------------+-----
Axes           | 5 6 7 8 9 10 12 13 14 15 16 17 18 19 | 19.0
Invocations    | 2 4 5 6 9 10 | 10.0
Fighting       | 4 5 6 8 9 11 12 13 15 | 15.6
Shields        | 3 4 |  4.0
Armour         | 4 6 8 10 12 | 12.6
Dodging        | 4 5 6 8 |  8.0
Stealth        | |  1.5

Action                   |  1- 3 |  4- 6 |  7- 9 | 10-12 | 13-15 || total
-------------------------+-------+-------+-------+-------+-------++-------
Melee: Hand axe          |   147 |   186 |   351 |   148 |       ||   832
       Unarmed           |       |       |     3 |       |       ||     3
       Executioner's axe |       |       |       |   278 |   545 ||   823
       War axe           |       |       |       |    10 |       ||    10
Throw: Javelin           |       |       |     5 |    17 |       ||    22
       Tomahawk          |       |       |     2 |    12 |       ||    14
Invok: Triple Draw       |       |       |       |     1 |     5 ||     6
Evoke: Deck              |       |     8 |    14 |    20 |    39 ||    81
       Wand              |       |       |     4 |     9 |       ||    13
  Use: Scroll            |       |     8 |    12 |     6 |     5 ||    31
       Potion            |       |     1 |       |     7 |       ||     8
 Stab: Sleeping          |     1 |       |       |       |     5 ||     6
       Confused          |       |       |     5 |       |       ||     5
       Distracted        |       |       |     1 |       |     6 ||     7
       Petrified         |       |       |       |       |     3 ||     3
  Eat: Chunk             |     3 |       |    15 |    12 |    16 ||    46
       Meat ration       |       |     1 |       |     2 |       ||     3
       Royal jelly       |       |       |     1 |       |     4 ||     5
       Fruit             |       |       |       |     1 |       ||     1
       Bread ration      |       |       |       |       |     1 ||     1
Armor: Robe              |     3 |       |       |       |       ||     3
       Scale mail        |    49 |       |       |       |       ||    49
       Plate armour      |    46 |   219 |   173 |   322 |   237 ||   997
       Skin              |       |       |     6 |     1 |       ||     7
       Pearl dragon scal |       |       |       |       |   168 ||   168
Dodge: Dodged            |    79 |    58 |    73 |   187 |   483 ||   880
Block: Buckler           |       |    11 |    52 |    47 |       ||   110

Inventory:

Hand Weapons
 o - the +5 executioner's axe "Spiderslayer" (weapon) {flame, Int+3}
   (You found it in a bailey)

   It has been specially enchanted to burn those struck by it, causing extra
   injury to most foes and up to half again as much damage against particularly
   susceptible opponents.
   Big, fiery blades are also staple armaments of hydra-hunters.
   It affects your intelligence (+3).
Missiles
 e - 18 javelins of returning (quivered)
 R - 3 poisoned tomahawks
Armour
 m - +0 pearl dragon scales (worn)
   (You found it on level 5 of the Lair of Beasts)
 n - a +0 pair of gloves (worn)
   (You found it on level 10 of the Dungeon)
 y - the +2 cloak of Moral Flaws (worn) {rF+ MR- Dex+5}
   (You found it on level 5 of the Dungeon)

   It affects your dexterity (+5).
   It protects you from fire.
   It affects your resistance to hostile enchantments.
 B - a +1 pair of boots of stealth (worn)
   (You found it on level 3 of the Lair of Beasts)
 M - the +0 helmet of the Orb Guardian (worn) {*Drain rPois rC+ rN+}
   (You found it on level 3 of the Lair of Beasts)

   It protects you from cold.
   It protects you from poison.
   It protects you from negative energy.
   It causes draining when unequipped.
Jewellery
 k - a ring of protection from cold (left hand) {rC+}
   (You found it on level 6 of the Dungeon)
 v - the ring of Shadows (right hand) {Umbra +Inv Stlth+}
   (You found it in an ice cave)

   [ring of stealth]

   It lets you turn invisible.
   It makes you more stealthy.
Wands
 c - a wand of clouds (9/9)
   (You found it on level 3 of the Lair of Beasts)
Scrolls
 b - a scroll of blinking
 d - a scroll of magic mapping {!r}
 t - 7 scrolls of teleportation {!r}
 w - a scroll of recharging
 A - 5 scrolls of enchant weapon
 C - a scroll of immolation
 F - 3 scrolls of remove curse
 H - a scroll of fear {unknown}
 J - 3 scrolls of enchant armour
 L - a scroll of noise {unknown}
 V - a scroll of fog {unknown}
 W - a scroll of brand weapon {unknown}
Potions
 f - 8 potions of might
 h - 3 potions of mutation
 q - 6 potions of heal wounds
 x - 3 potions of agility
 z - a potion of cancellation
 D - 8 potions of curing
 G - 5 potions of berserk rage
 O - 4 potions of magic
 T - a potion of resistance
 U - 4 potions of invisibility
 Y - 3 potions of flight
 Z - 2 potions of lignification
Miscellaneous
 i - an ornate deck of summoning {god gift}
   (Nemelex Xobeh gifted it to you in an ice cave)
 j - a plain deck of summoning {god gift}
   (Nemelex Xobeh gifted it to you on level 4 of the Dungeon)
 l - a legendary deck of summoning {god gift}
   (Nemelex Xobeh gifted it to you on level 6 of the Lair of Beasts)
 p - an ornate deck of destruction {drawn: 3} {god gift}
   (Nemelex Xobeh gifted it to you on level 2 of the Orcish Mines)
 r - an ornate deck of escape {drawn: 3} {god gift}
   (Nemelex Xobeh gifted it to you on level 2 of the Lair of Beasts)
 u - an ornate deck of summoning {drawn: 2} {god gift}
   (Nemelex Xobeh gifted it to you on level 1 of the Lair of Beasts)
 E - an ornate deck of escape {drawn: 3} {god gift}
   (Nemelex Xobeh gifted it to you on level 7 of the Dungeon)
 I - an ornate deck of escape {god gift}
   (Nemelex Xobeh gifted it to you on level 7 of the Dungeon)
 K - a phantom mirror
 N - a legendary deck of destruction {drawn: 2} {god gift}
   (Nemelex Xobeh gifted it to you in a bailey)
 P - a plain deck of escape {god gift}
   (Nemelex Xobeh gifted it to you on level 10 of the Dungeon)
 Q - an ornate deck of destruction {god gift}
   (Nemelex Xobeh gifted it to you on level 4 of the Lair of Beasts)
 S - a legendary deck of destruction {drawn: 1} {god gift}
   (Nemelex Xobeh gifted it to you on level 4 of the Lair of Beasts)
 X - a legendary deck of escape {drawn: 9} {god gift}
   (Nemelex Xobeh gifted it to you on level 1 of the Lair of Beasts)
Comestibles
 g - 8 bread rations
 s - 2 chunks of flesh

Dungeon Overview and Level Annotations

Branches:
Dungeon (10/15)            Temple (0/1) D:7            Lair (6/6) D:10
  Swamp (0/4) Lair:2       Spider (0/4) Lair:2        Slime (0/5) Lair:6
    Orc (2/2) D:10            Elf (0/3) Orc:2

Altars:
Elyvilon
Fedhas
Hepliaklqana
Nemelex Xobeh
Sif Muna
Beogh
Jiyva

Shops:
D:4 (   D:6 *   D:9 *   Orc:2 ?*(

Annotations:
Lair:6 1 runed door


You were on level 2 of the Orcish Mines.
You worshipped Nemelex Xobeh.
Nemelex Xobeh was exalted by your worship.
You were not hungry.

You visited 3 branches of the dungeon, and saw 18 of its levels.
You also visited: Bailey, Ice Cave and Volcano.

You collected 2583 gold pieces.
You spent 336 gold pieces at shops.


Message History

An orc warrior and an orc high priest come into view.
Unknown command.
Unknown command.
Unknown command.
Unknown command.
Unknown command.
Unknown command.
You take 115 damage, and have 26/141 hp.
MASSIVE DAMAGE!!
MP restored: 22 Unknown command.
Unknown command.
Unknown command.
Unknown command.
Unknown command.
Unknown command.
Unknown command.
Unknown command.
Unknown command.
Unknown command.
Unknown command.
Unknown command.
Unknown command.
Unknown command.
Unknown command.
Unknown command.
Unknown command.
Unknown command.
Unknown command.
Unknown command.
Unknown command.
Unknown command.
Unknown command.
Unknown command.
Unknown command.
Unknown command.
Unknown command.
Unknown command.
Unknown command.
Unknown command.
Unknown command.
Unknown command.
Unknown command.
Unknown command.
Unknown command.
Unknown command.
Unknown command.
Unknown command.
Unknown command.
Unknown command.
Unknown command.
Unknown command.
Unknown command.
Unknown command.
Unknown command.
Unknown command.
Unknown command.
Unknown command.
Unknown command.
Unknown command.
Unknown command.
Unknown command.
Unknown command.
Unknown command.
Unknown command.
Unknown command.
Unknown command.
Unknown command.
Unknown command.
Unknown command.
Unknown command.
Unknown command.
Unknown command.
Unknown command.
Unknown command.
Unknown command.
Unknown command.
Here: an orc sorcerer, wielding a dagger and wearing an embroidered robe (unusually strong, umbra)
The floor.
Unknown command.
Unknown command.
Unknown command.
Unknown command.
The orc high priest shouts, "Beogh is our master!
Accept the truth or die!"
You slice the ynoxinul!! You burn the ynoxinul.
You closely miss the orc knight. You slash the orc sorcerer!
You burn the orc sorcerer. You hit the ice devil. You burn the ice devil.
The orc high priest threatens, "By the altar or by the axe, you will meet Beogh!"
You hit the orc knight. You burn the orc knight. The ynoxinul hits you.
* * * LOW HITPOINT WARNING * * *
The orc knight barely misses you.
The orc sorcerer hits you but does no damage.
The ice devil hits you.
* * * LOW HITPOINT WARNING * * *
The ice devil freezes you. You resist.
* * * LOW HITPOINT WARNING * * *
The ynoxinul gestures at you. The iron shot hits you!
You die...
Your body glows with a rainbow of weird colours and disappears.

#...........###
#...##
...####.####...##
#...#
#.######..###..##
#.#).)###..#####
#.#.)..)##.#
#.#§v...)#.# ...
#....# .. ##o4##
#o@# .o.oo53o#
...4##o5# ..#
..## # .∩# ∩## ##


You could see 3 orc knights, 2 orc high priests, an ice devil, a rust devil, a
ynoxinul, an orc sorcerer, an orc warrior and 2 ufetubi.

Notes
Turn   | Place    | Note
-------+----------+-------------------------------------------
     0 | D:1      | theanonym the Hill Orc Monk began the quest for the Orb.
     0 | D:1      | Reached XP level 1. HP: 19/19 MP: 1/1
   101 | D:1      | Reached XP level 2. HP: 15/26 MP: 2/2
   337 | D:1      | Reached skill level 5 in Axes
   725 | D:1      | Reached XP level 3. HP: 31/31 MP: 3/3
  1370 | D:2      | Reached skill level 6 in Axes
  1835 | D:3      | Reached XP level 4. HP: 33/39 MP: 4/4
  1861 | D:3      | HP: 19/39 [orc/flail (4)]
  2224 | D:3      | Found a faded altar of an unknown god.
  2280 | D:3      | Reached skill level 7 in Axes
  2283 | D:3      | Noticed a big kobold
  2295 | D:3      | Reached XP level 5. HP: 35/45 MP: 5/5
  2308 | D:3      | Killed a big kobold
  2308 | D:3      | Reached skill level 8 in Axes
  2462 | D:3      | Noticed Robin
  2475 | D:3      | Reached XP level 6. HP: 46/51 MP: 6/6
  2481 | D:3      | Killed Robin
  2708 | D:3      | Found a sparkling altar of Nemelex Xobeh.
  2859 | D:3      | Became a worshipper of Nemelex Xobeh the Trickster
  2859 | D:3      | Received a gift from Nemelex Xobeh
  2859 | D:3      | Received a gift from Nemelex Xobeh
  2859 | D:3      | Reached * piety under Nemelex Xobeh
  2859 | D:3      | Reached ** piety under Nemelex Xobeh
  2859 | D:3      | Received a gift from Nemelex Xobeh
  2861 | D:3      | theanonym: ??deck of summoning
  2861 | D:3      | beem: deck of summoning[1/2]: Cards: {elements card}, {pentagram card}, {dance card}, {foxfire card}, {rangers card}, {illusion card}
  2861 | D:3      | theanonym: ??dance card
  2861 | D:3      | beem: dance card[1/1]: Creates a friendly summoned dancing weapon.
  2861 | D:3      | theanonym: ??vitriol card
  2861 | D:3      | beem: vitriol card[1/1]: Deals acid damage, requires line of fire. Note that very few things have rCorr. (Jellies of various kinds and yellow draconians basically)
  2861 | D:3      | theanonym: ??storm card
  2861 | D:3      | beem: storm card[1/1]: On a coinflip either summons a twister and several air elementals; or summons a few air elementals, pushes monsters away like a fan of gales, and places storm clouds that do electricity damage.
  2861 | D:3      | theanonym: ??pain card
  2861 | D:3      | beem: pain card[1/1]: By card power, 0: {agony} 1: {bolt of draining} 2: Summons a {flayed ghost} and flays all natural monsters in LOS, which lowers their HP by 40% until the flay duration expires.
  2861 | D:3      | theanonym: ??orb catd
  2861 | D:3      | beem: orb catd ~ orb card[1/3]: Power 0: IMB, power 1: IOOD, power 2: multiple IOODs in a burst around you. Found in decks of destruction.
  2861 | D:3      | theanonym: ??degeneration card
  2861 | D:3      | beem: degeneration card[1/3]: Attempts to polymorph all monsters in LOS to a type with less HD. Success is based on monster HD, with a higher chance of success at higher card power levels.
  2882 | D:4      | Found Osazir's Weapon Boutique.
  2946 | D:4      | theanonym: ??vitriol card
  2946 | D:4      | beem: vitriol card[1/1]: Deals acid damage, requires line of fire. Note that very few things have rCorr. (Jellies of various kinds and yellow draconians basically)
  3011 | D:4      | Reached skill level 9 in Axes
  3011 | D:4      | Reached skill level 1 in Invocations
  3046 | D:4      | Reached skill level 4 in Fighting
  3266 | D:4      | Noticed Rhok's ghost (amateur DsGl)
  3293 | D:4      | HP: 23/52 [Rhok's ghost (7)]
  3298 | D:4      | Killed Rhok's ghost
  3298 | D:4      | Reached skill level 2 in Invocations
  3298 | D:4      | Reached XP level 7. HP: 28/60 MP: 7/9
  3377 | D:4      | Noticed Eustachio
  3494 | D:4      | Killed Eustachio
  3494 | D:4      | Reached skill level 10 in Axes
  3494 | D:4      | Reached skill level 3 in Invocations
  3539 | D:4      | HP: 30/60 [poisoned by a scorpion]
  3545 | D:4      | HP: 28/60 [poisoned by a scorpion]
  3551 | D:4      | HP: 27/60 [poisoned by a scorpion]
  3559 | D:4      | HP: 27/60 [poisoned by a scorpion]
  3873 | D:4      | Reached skill level 5 in Fighting
  4061 | D:4      | Received a gift from Nemelex Xobeh
  4225 | D:4      | HP: 24/61 [orc warrior/trident (13)]
  4232 | D:4      | HP: 16/61 [orc warrior/javelin (4)]
  4335 | D:5      | Entered Level 5 of the Dungeon
  4484 | D:5      | Reached skill level 4 in Invocations
  4484 | D:5      | Reached XP level 8. HP: 57/68 MP: 9/11
  4603 | D:5      | Got an ichor-stained cloak
  4609 | D:5      | Identified the +2 cloak of Moral Flaws {rF+ MR- Dex+5} (You found it on level 5 of the Dungeon)
  4730 | D:5      | Noticed Prince Ribbit
  4845 | D:5      | Got a scorched helmet
  4934 | D:5      | Identified the +2 helmet "Trusted Companion" {*Corrode Int+6 Slay+3 SInv} (You found it on level 5 of the Dungeon)
  5028 | D:5      | Reached skill level 11 in Axes
  5072 | D:5      | Killed Prince Ribbit
  5139 | D:5      | Reached skill level 6 in Fighting
  5186 | D:5      | Noticed Edmund
  5204 | D:5      | Killed Edmund
  5204 | D:5      | Reached skill level 5 in Invocations
  5287 | D:5      | Reached *** piety under Nemelex Xobeh
  5509 | D:6      | Found Puusk's Assorted Antiques.
  5517 | D:6      | Bought a bubbling pink potion for 27 gold pieces
  5557 | D:6      | Found a blossoming altar of Fedhas.
  5808 | D:6      | Received a gift from Nemelex Xobeh
  5833 | D:6      | Reached skill level 12 in Axes
  6029 | D:6      | Found a deep blue altar of Sif Muna.
  6204 | D:7      | Reached XP level 9. HP: 70/78 MP: 12/12
  6300 | D:7      | Reached skill level 7 in Fighting
  6459 | D:7      | Received a gift from Nemelex Xobeh
  6462 | D:7      | theanonym: ??velocity card
  6462 | D:7      | beem: velocity card[1/1]: power 0: slows, hastes, or swifts either all allies or all enemies. power 1: hastes allies or slows enemies. power 2: hastes allies and slows enemies.
  6462 | D:7      | theanonym: ??tomb card
  6462 | D:7      | beem: tomb of doroklohe[1/2]: Creates rock walls in one or more adjacent squares, destroying traps and displacing items (but not monsters) in the process; now only seen as the effect of the Tomb card and may be cast by {Khufu}.
  6462 | D:7      | theanonym: ??exile card
  6462 | D:7      | beem: exile card[1/3]: The Exile card throws multiple creatures into the Abyss, the number of creatures increasing with power. You are a creature. However, that's not to say you will be thrown into the abyss, just that you might be (and your chance doesn't increase with power). Unless you're the only visible creature, in which case you will be.
  6462 | D:7      | theanonym: ??shaft card
  6462 | D:7      | beem: shaft card[1/1]: Creates a shaft beneath you. Found in the deck of escape.
  6507 | D:7      | Reached skill level 1 in Shields
  6603 | D:7      | Reached **** piety under Nemelex Xobeh
  6721 | D:7      | Found a staircase to the Ecumenical Temple.
  7055 | D:7      | Received a gift from Nemelex Xobeh
  7247 | D:8      | Found a white marble altar of Elyvilon.
  7267 | D:8      | Reached skill level 2 in Shields
  7378 | D:8      | Noticed a two-headed ogre
  7388 | D:8      | Killed a two-headed ogre
  7388 | D:8      | Reached skill level 8 in Fighting
  7388 | D:8      | Reached skill level 13 in Axes
  7388 | D:8      | Reached skill level 3 in Shields
  7388 | D:8      | Reached skill level 6 in Invocations
  7512 | D:8      | Found a flagged portal.
  7547 | Bailey   | Entered a bailey
  7570 | Bailey   | Reached XP level 10. HP: 57/88 MP: 15/15
  7784 | Bailey   | Reached skill level 7 in Invocations
  7948 | Bailey   | Received a gift from Nemelex Xobeh
  7981 | Bailey   | theanonym: ??wild magic card
  7981 | Bailey   | beem: wild magic card[1/2]: Attempts to cause a miscast effect on every hostile monster in LOS. A monster is affected with probability ([card power level+1]*5+1d5-1)/[monster HD]. For each affected monster, you gain 1d5-1 MP. Miscast power increases with card power.
  7984 | Bailey   | Reached skill level 4 in Shields
  7996 | Bailey   | HP: 45/90 [orc warrior/halberd (5)]
  7997 | Bailey   | Reached skill level 14 in Axes
  8511 | Bailey   | Reached skill level 1 in Armour
  8702 | Bailey   | Got a pitted executioner's axe
  8742 | Bailey   | HP: 42/90 [orc warrior/spear (14)]
  9314 | D:8      | Reached skill level 9 in Fighting
  9553 | D:8      | Reached skill level 2 in Armour
  9553 | D:8      | Reached skill level 3 in Dodging
  9731 | D:9      | Reached skill level 8 in Invocations
  9809 | D:9      | Identified the +5 executioner's axe "Spiderslayer" {flame, Int+3} (You found it in a bailey)
  9996 | D:9      | Received a gift from Nemelex Xobeh
 10017 | D:9      | Reached skill level 3 in Armour
 10041 | D:9      | HP: 45/91 [poisoned by kobold (curare-tipped needle)]
 10183 | D:9      | Got a faintly humming ring mail
 10201 | D:9      | Found Eveok's Assorted Antiques.
 10204 | D:9      | Received a gift from Nemelex Xobeh
 10226 | D:9      | Bought a scroll of identify for 56 gold pieces
 10226 | D:9      | Bought a potion of might for 112 gold pieces
 10226 | D:9      | Bought a bubbling dark potion for 25 gold pieces
 10226 | D:9      | Bought a scroll labeled VUAL ZEVACYUCK for 28 gold pieces
 10226 | D:9      | Bought a scroll labeled ROUDON OMOSUUR for 28 gold pieces
 10227 | D:9      | Identified a scroll of acquirement
 10297 | D:9      | Noticed a two-headed ogre
 10300 | D:9      | Killed a two-headed ogre
 10355 | D:10     | Entered Level 10 of the Dungeon
 10355 | D:10     | Noticed a two-headed ogre
 10359 | D:10     | Killed a two-headed ogre
 10359 | D:10     | Reached skill level 4 in Armour
 10359 | D:10     | Reached skill level 4 in Dodging
 10359 | D:10     | Reached skill level 9 in Invocations
 10359 | D:10     | Reached XP level 11. HP: 99/99 MP: 17/17
 10395 | D:10     | Noticed Erolcha
 10396 | D:10     | theanonym: ??damnation card
 10396 | D:10     | beem: exile card[1/3]: The Exile card throws multiple creatures into the Abyss, the number of creatures increasing with power. You are a creature. However, that's not to say you will be thrown into the abyss, just that you might be (and your chance doesn't increase with power). Unless you're the only visible creature, in which case you will be.
 10396 | D:10     | theanonym: ??damnation card[2
 10396 | D:10     | beem: exile card[2/3]: The fungus is devoured by a tear in reality. x2
 10396 | D:10     | theanonym: ??damnation card[3
 10396 | D:10     | beem: exile card[3/3]: !lm SGrunt uniq.ban=rupert lair 1 -tv
 10397 | D:10     | Reached skill level 10 in Fighting
 10400 | D:10     | Killed Erolcha
 10410 | D:10     | Noticed a two-headed ogre
 10415 | D:10     | Killed a two-headed ogre
 10415 | D:10     | Reached skill level 5 in Armour
 10679 | D:10     | Reached skill level 10 in Invocations
 10686 | D:10     | Reached skill level 5 in Dodging
 10898 | D:10     | Reached ***** piety under Nemelex Xobeh
 10898 | D:10     | Received a gift from Nemelex Xobeh
 10905 | D:10     | Noticed an unseen horror
 10905 | D:10     | theanonym: ??velocity card
 10905 | D:10     | beem: velocity card[1/1]: power 0: slows, hastes, or swifts either all allies or all enemies. power 1: hastes allies or slows enemies. power 2: hastes allies and slows enemies.
 10905 | D:10     | theanonym: ??vitriol card
 10905 | D:10     | beem: vitriol card[1/1]: Deals acid damage, requires line of fire. Note that very few things have rCorr. (Jellies of various kinds and yellow draconians basically)
 10905 | D:10     | theanonym: ??storm card
 10905 | D:10     | beem: storm card[1/1]: On a coinflip either summons a twister and several air elementals; or summons a few air elementals, pushes monsters away like a fan of gales, and places storm clouds that do electricity damage.
 10905 | D:10     | theanonym: ??pain card
 10905 | D:10     | beem: pain card[1/1]: By card power, 0: {agony} 1: {bolt of draining} 2: Summons a {flayed ghost} and flays all natural monsters in LOS, which lowers their HP by 40% until the flay duration expires.
 10905 | D:10     | theanonym: ??orb card
 10905 | D:10     | beem: orb card[1/3]: Power 0: IMB, power 1: IOOD, power 2: multiple IOODs in a burst around you. Found in decks of destruction.
 10905 | D:10     | theanonym: ??orb card[2
 10905 | D:10     | beem: orb card[2/3]: !lm crate hoar bazaar 1 -tv
 10905 | D:10     | theanonym: ??orb card[3
 10905 | D:10     | beem: orb card[3/3]: !lg Yermak ktyp=disintegration 4 -tv
 10905 | D:10     | theanonym: ??wild magic card
 10905 | D:10     | beem: wild magic card[1/2]: Attempts to cause a miscast effect on every hostile monster in LOS. A monster is affected with probability ([card power level+1]*5+1d5-1)/[monster HD]. For each affected monster, you gain 1d5-1 MP. Miscast power increases with card power.
 10905 | D:10     | theanonym: ??wild magic card[2
 10905 | D:10     | beem: wild magic card[2/2]: In 0.14 and older versions, only causes a miscast effect on you.
 10905 | D:10     | theanonym: ??degeneration card[2
 10905 | D:10     | beem: degeneration card[2/3]: You draw a card... It is Degeneration. The adder evaporates and reforms as a ball python! The helpless ball python fails to defend itself. You mangle the ball python!!
 10905 | D:10     | theanonym: ??degeneration card
 10905 | D:10     | beem: degeneration card[1/3]: Attempts to polymorph all monsters in LOS to a type with less HD. Success is based on monster HD, with a higher chance of success at higher card power levels.
 10905 | D:10     | theanonym: ??degeneration card[3
 10905 | D:10     | beem: degeneration card[3/3]: http://i.imgur.com/hTvsvKE.png
 10912 | D:10     | Killed an unseen horror
 10914 | D:10     | Found a staircase to the Lair.
 11121 | D:10     | Found a staircase to the Orcish Mines.
 11153 | Orc:1    | Entered Level 1 of the Orcish Mines
 11159 | Orc:1    | Noticed Megalobster's ghost (journeyman DDFi)
 11304 | Orc:1    | HP: 50/101 [Megalobster's ghost (1)]
 11320 | Orc:1    | HP: 17/101 [Megalobster's ghost (13)]
 11320 | Orc:1    | Killed Megalobster's ghost
 11320 | Orc:1    | Reached skill level 6 in Armour
 11627 | Orc:1    | Found a dark tunnel.
 11635 | Volcano  | Entered a volcano
 11668 | Volcano  | HP: 35/101 [earth elemental (18)]
 12053 | Volcano  | Noticed a lindwurm
 12053 | Volcano  | Noticed a lindwurm
 12063 | Volcano  | Reached skill level 11 in Fighting
 12262 | Volcano  | Killed a lindwurm
 12262 | Volcano  | Reached skill level 15 in Axes
 12262 | Volcano  | Reached XP level 12. HP: 98/110 MP: 19/19
 12460 | Volcano  | HP: 53/110 [something (4)]
 12841 | Orc:1    | Reached skill level 7 in Armour
 13051 | Orc:1    | Received a gift from Nemelex Xobeh
 13260 | Orc:1    | theanonym: ??exile card
 13260 | Orc:1    | beem: exile card[1/3]: The Exile card throws multiple creatures into the Abyss, the number of creatures increasing with power. You are a creature. However, that's not to say you will be thrown into the abyss, just that you might be (and your chance doesn't increase with power). Unless you're the only visible creature, in which case you will be.
 13260 | Orc:1    | theanonym: ??exile card[2
 13260 | Orc:1    | beem: exile card[2/3]: The fungus is devoured by a tear in reality. x2
 13260 | Orc:1    | theanonym: ??exile card[3
 13260 | Orc:1    | beem: exile card[3/3]: !lm SGrunt uniq.ban=rupert lair 1 -tv
 13260 | Orc:1    | theanonym: ??elixir card
 13260 | Orc:1    | beem: elixir card[1/1]: Restores health and/or magic over time, at a rate of 10% maxHP/MP per turn. Power 0: 10-30% health or 30-70% magic. Power 1: 30-50% health if at <50% HP, 100% magic otherwise. Power 2: 100% HP and MP. Found in deck of escape.
 13337 | Lair:1   | Entered Level 1 of the Lair of Beasts
 13351 | Lair:1   | Reached skill level 6 in Dodging
 13643 | Lair:1   | Noticed Joseph
 13659 | Lair:1   | Killed Joseph
 13748 | Lair:1   | Reached skill level 16 in Axes
 13795 | Lair:1   | Received a gift from Nemelex Xobeh
 13819 | Lair:1   | Reached skill level 12 in Fighting
 13930 | Lair:1   | Reached skill level 8 in Armour
 14089 | Lair:1   | Found a sparkling altar of Nemelex Xobeh.
 14098 | Lair:1   | HP: 56/112 [acid (17)]
 14103 | Lair:1   | HP: 46/112 [poisoned by a spiny frog]
 14108 | Lair:1   | HP: 41/112 [poisoned by a spiny frog]
 14113 | Lair:1   | HP: 39/112 [poisoned by a spiny frog]
 14119 | Lair:1   | HP: 36/112 [poisoned by a spiny frog]
 14124 | Lair:1   | HP: 36/112 [poisoned by a spiny frog]
 14131 | Lair:1   | HP: 36/112 [poisoned by a spiny frog]
 14139 | Lair:1   | HP: 36/112 [poisoned by a spiny frog]
 14479 | Lair:1   | Received a gift from Nemelex Xobeh
 14807 | Lair:2   | Reached XP level 13. HP: 99/118 MP: 20/20
 14887 | Lair:2   | Found a hazy altar of Hepliaklqana.
 14912 | Lair:2   | Reached skill level 7 in Dodging
 15194 | Lair:2   | Received a gift from Nemelex Xobeh
 15212 | Lair:2   | Found a hole to the Spider Nest.
 15561 | Lair:2   | Reached skill level 9 in Armour
 15682 | Lair:2   | Received a gift from Nemelex Xobeh
 15709 | Lair:2   | Found a staircase to the Swamp.
 15911 | Lair:3   | Got a transparent helmet
 15922 | Lair:3   | Identified the +0 helmet of the Orb Guardian {*Drain rPois rC+ rN+} (You found it on level 3 of the Lair of Beasts)
 16465 | Lair:3   | Reached ****** piety under Nemelex Xobeh
 16814 | Lair:3   | Noticed Sonja
 16836 | Lair:3   | Killed Sonja
 17288 | Lair:4   | Received a gift from Nemelex Xobeh
 17461 | Lair:4   | Reached skill level 13 in Fighting
 17843 | Lair:4   | Received a gift from Nemelex Xobeh
 18188 | Lair:5   | Found a frozen archway.
 18197 | IceCv    | Entered an ice cave
 18200 | IceCv    | Reached skill level 17 in Axes
 18208 | IceCv    | Found a transporter.
 18285 | IceCv    | Received a gift from Nemelex Xobeh
 18286 | IceCv    | Found the ring of Shadows {Umbra +Inv Stlth+}
 18291 | IceCv    | Reached skill level 8 in Dodging
 18295 | IceCv    | HP: 60/122 [ice beast[an ice statue] (3)]
 18605 | Lair:5   | theanonym: ??umbra
 18605 | Lair:5   | beem: umbra[1/1]: An aura which doubles stealth, causes accuracy penalties and cancels out haloes. *+ Dithmenos worshippers and ***+ Yredelemnul worshippers are immune to the accuracy reduction. Produced by profane servitors, Dithmenos worshippers, and anyone who wears the {ring of shadows}.
 18734 | Lair:5   | Found a runed door.
 18844 | Lair:5   | Reached skill level 10 in Armour
 19616 | Lair:5   | Noticed an entropy weaver
 19624 | Lair:5   | Killed an entropy weaver
 19790 | Lair:5   | Noticed an entropy weaver
 19792 | Lair:5   | Received a gift from Nemelex Xobeh
 19804 | Lair:5   | theanonym: ??velocity card
 19804 | Lair:5   | beem: velocity card[1/1]: power 0: slows, hastes, or swifts either all allies or all enemies. power 1: hastes allies or slows enemies. power 2: hastes allies and slows enemies.
 19804 | Lair:5   | HP: 59/123 [fire crab (9)]
 19815 | Lair:5   | Reached XP level 14. HP: 130/130 MP: 21/21
 19823 | Lair:5   | HP: 64/130 [entropy weaver (10)]
 19828 | Lair:5   | Killed an entropy weaver
 19955 | Lair:5   | Noticed an entropy weaver
 19971 | Lair:5   | Killed an entropy weaver
 20122 | Lair:5   | Noticed an entropy weaver
 20128 | Lair:5   | Reached skill level 14 in Fighting
 20131 | Lair:5   | Killed an entropy weaver
 20299 | Lair:5   | Noticed an entropy weaver
 20305 | Lair:5   | Killed an entropy weaver
 20305 | Lair:5   | Reached skill level 11 in Armour
 20511 | Lair:6   | Entered Level 6 of the Lair of Beasts
 20573 | Lair:6   | Reached skill level 18 in Axes
 21139 | Lair:6   | Found a runed door.
 21140 | Lair:6   | Found a viscous altar of Jiyva.
 21142 | Lair:6   | Found a staircase to the Slime Pits.
 21286 | Lair:6   | Received a gift from Nemelex Xobeh
 21294 | Lair:6   | theanonym: ??pentagram card
 21294 | Lair:6   | beem: pentagram card[1/1]: Summons a pair of friendly demons, with duration increasing with power level. Demons summoned (by power level): 4 plus hell hound; 3 plus rakshasa; 2 plus random pan lord. Summoned demons may be hostile.
 21345 | Lair:6   | Reached skill level 15 in Fighting
 21386 | Lair:6   | HP: 67/135 [poisoned by a redback]
 21391 | Lair:6   | HP: 59/135 [poisoned by a redback]
 21396 | Lair:6   | HP: 54/135 [poisoned by a redback]
 21401 | Lair:6   | HP: 51/135 [poisoned by a redback]
 21407 | Lair:6   | HP: 49/135 [poisoned by a redback]
 21414 | Lair:6   | HP: 48/135 [poisoned by a redback]
 21421 | Lair:6   | HP: 48/135 [poisoned by a redback]
 21429 | Lair:6   | HP: 49/135 [poisoned by a redback]
 21492 | Lair:6   | HP: 62/135 [wolf spider (7)]
 21493 | Lair:6   | Reached skill level 12 in Armour
 21497 | Lair:6   | HP: 47/135 [black mamba (7)]
 21503 | Lair:6   | HP: 27/135 [black mamba (13)]
 21508 | Lair:6   | HP: 61/135 [poisoned by a black mamba]
 21978 | Lair:6   | Reached XP level 15. HP: 124/141 MP: 22/22
 21988 | Lair:6   | HP: 68/141 [hornet (6)]
 21995 | Lair:6   | HP: 69/141 [hornet (2)]
 22000 | Lair:6   | HP: 63/141 [hornet (6)]
 22007 | Lair:6   | HP: 46/141 [tyrant leech (6)]
 22334 | Lair:6   | Found a runed door.
 22372 | Lair:6   | Learned a level 2 spell: Swiftness
 22867 | Orc:2    | Entered Level 2 of the Orcish Mines
 22867 | Orc:2    | Received a gift from Nemelex Xobeh
 22891 | Orc:2    | Reached skill level 19 in Axes
 23176 | Orc:2    | Found a staircase to the Elven Halls.
 23185 | Orc:2    | Found Areosaf's Magic Scroll Boutique.
 23195 | Orc:2    | Found a roughly hewn altar of Beogh.
 23214 | Orc:2    | Bought a scroll of identify for 30 gold pieces
 23214 | Orc:2    | Bought a scroll of identify for 30 gold pieces
 23283 | Orc:2    | Found Ylittoq's Antique Weapon Shoppe.
 23288 | Orc:2    | Found Sewkymme's General Store.
 23289 | Orc:2    | Paralysed by an orc sorcerer for 7 turns
 23292 | Orc:2    | HP: 62/141 [orc knight/enchanted dire flail (27)]
 23295 | Orc:2    | HP: 27/141 [orc knight/enchanted dire flail (4)]
 23296 | Orc:2    | Killed from afar by a ynoxinul

Vanquished Creatures
  5 entropy weavers (Lair:5)
  Erolcha (D:10)
  An ice dragon (Lair:6)
  3 hydras (Lair:6)
  2 ghost crabs (Lair:5)
  A death yak (Lair:2)
  5 two-headed ogres
  Sonja (Lair:3)
  5 fire crabs (Lair:5)
  An unseen horror (D:10)
  An orc knight (Orc:1)
  A wolf spider (Lair:6)
  4 lindwurms
  2 ugly things (IceCv)
  An oklob plant (Lair:1)
  An apocalypse crab (Lair:5)
  3 elephants (Lair:6)
  2 ice statues (IceCv)
  9 black mambas
  Joseph (Lair:1)
  6 torpor snails
  A guardian serpent (Lair:6)
  15 spiny frogs
  3 molten gargoyles (Volcano)
  A gargoyle (D:10)
  5 komodo dragons
  A centaur skeleton (D:10)
  3 efreet (Volcano)
  2 tyrant leeches (Lair:6)
  5 hornets (Lair:6)
  A polar bear (Lair:5)
  8 blink frogs
  13 hippogriffs
  13 wyverns
  2 fire elementals (Volcano)
  2 basilisks
  A vampire (D:10)
  4 redbacks (Lair:6)
  38 yaks
  A hungry ghost (D:8)
  5 vampire mosquitoes (Lair:2)
  3 wargs (Orc:2)
  Edmund (D:5)
  6 porcupines
  15 water moccasins
  14 orc warriors
  A sky beast (D:10)
  2 phantoms (D:10)
  2 black bears
  An eye of draining (D:9)
  7 ogres
  18 wolves
  6 ice beasts
  A necrophage (D:7)
  17 crocodiles
  9 centaurs
  2 big kobolds
  7 bullfrogs
  2 earth elementals (Volcano)
  A gnoll sergeant (D:9)
  3 scorpions
  5 killer bees (D:10)
  3 howler monkeys
  2 crimson imps (D:10)
  A bullfrog zombie (D:8)
  8 hounds
  5 orc priests
  5 jellies
  7 orc wizards
  An iguana (D:6)
  9 worker ants
  Robin (D:3)
  7 adders
  13 gnolls
  3 shadow imps
  2 oozes
  An adder skeleton (D:4)
  2 worms
  2 dart slugs
  5 leopard geckos
  60 orcs
  5 giant cockroaches
  14 goblins
  8 hobgoblins
  13 jackals
  8 kobolds
  3 quokkas
  3 ball pythons
  8 bats
  5 frilled lizards
  A leopard gecko skeleton (D:7)
  A leopard gecko zombie (D:6)
  A quokka skeleton (D:4)
  14 rats
  2 fire vortices (Volcano)
  2 fungi (Lair:6)
  11 plants
539 creatures vanquished.

Vanquished Creatures (collateral kills)
  The ghost of Megalobster the Cleaver, a journeyman DDFi of Makhleb (Orc:1)
  An orc knight (Orc:2)
  2 elephants (Lair:6)
  A torpor snail (Lair:6)
  3 spiny frogs (Lair:6)
  A tyrant leech (Lair:6)
  The ghost of Rhok the Cudgeler, an amateur DsGl (D:4)
  Prince Ribbit (D:5)
  A hornet (Lair:6)
  Eustachio (D:4)
  A yak (Lair:6)
  7 orc warriors
  A big kobold (Bailey)
  A scorpion (D:4)
  2 orc wizards
  2 worker ants (D:4)
  2 gnolls (D:5)
  A dart slug (Bailey)
  4 orcs (Bailey)
  A quokka (Bailey)
35 creatures vanquished.

Vanquished Creatures (others)
  2 blink frogs (Lair:5)
  2 orc warriors
  2 ice beasts (IceCv)
  An earth elemental (Volcano)
  2 orc priests (Orc:2)
  2 orc wizards (Orc:2)
  A ball lightning (Bailey)
  2 orcs (Bailey)
  2 bushes (Lair:6)
  2 fire vortices (Volcano)
  40 fungi
  64 plants
122 creatures vanquished.

Grand Total: 696 creatures vanquished
